 Dungeon Crawl Stone Soup version 0.21-a0-613-g5d64845 (webtiles) character file.

138 slep the Chopper (level 5, 0/26 HPs)
             Began as a Vine Stalker Gladiator on Dec 22, 2017.
             Slain by a bullfrog skeleton (1 damage)
             ... on level 3 of the Dungeon.
             The game lasted 00:05:02 (1375 turns).

slep the Chopper (Vine Stalker Gladiator)           Turns: 1375, Time: 00:05:03

Health: 0/26       AC:  6    Str: 16    XL:     5   Next: 21%
Magic:  0/6        EV: 12    Int:  8    God:
Gold:   77         SH:  0    Dex: 17    Spells: 4/4 levels left

rFire    . . .     SeeInvis .   a - +0 war axe
rCold    . . .     Gourm    .   (no shield)
rNeg     . . .     Faith    .   p - +0 ring mail (curse)
rPois    .         Spirit   +   c - +0 helmet
rElec    .         Reflect  .   (no cloak)
rCorr    +         Harm     .   (no gloves)
MR       .....                  (no boots)
Stlth    +.........             k - amulet of rage
HPRegen  0.48/turn              w - ring of resist corrosion
MPRegen  0.10/turn              (no ring)

@: no status effects
A: fangs 2, regeneration 1, magic shield, antimagic bite, no potion heal 3, rot
immunity
a: Evoke Berserk Rage


You were on level 3 of the Dungeon.
You were not hungry.

You visited 1 branch of the dungeon, and saw 3 of its levels.

You collected 77 gold pieces.

Inventory:

Hand Weapons
 a - a +0 war axe (weapon)
Missiles
 d - 3 throwing nets (quivered)
 o - 9 poisoned needles
 v - 10 tomahawks
Armour
 b - a +0 leather armour
 c - a +0 helmet (worn)
 p - a cursed +0 ring mail (worn)
Jewellery
 k - an amulet of rage (around neck)
 s - an uncursed amulet of guardian spirit
 w - a ring of resist corrosion (left hand)
Scrolls
 i - a scroll of fear {unknown}
 l - 4 scrolls of remove curse {unknown}
 m - a scroll of amnesia {unknown}
 n - 3 scrolls of identify {unknown}
Potions
 e - a potion of haste {unknown}
 g - 4 potions of curing {unknown}
 h - a potion of flight {unknown}
 j - a potion of lignification {unknown}
 q - a potion of brilliance {unknown}
 r - 2 potions of mutation {unknown}
 t - a potion of ambrosia {unknown}
 u - a potion of agility {unknown}
Comestibles
 f - 8 rations


   Skills:
 + Level 2.2 Fighting
 + Level 3.9 Axes
 + Level 2.0 Throwing
 + Level 1.3 Armour
 + Level 3.0 Dodging
 + Level 1.4 Stealth


You had 4 spell levels left.
You didn't know any spells.

Dungeon Overview and Level Annotations

Branches:
Dungeon (3/15)

Altars:


Innate Abilities, Weirdness & Mutations

You have extremely sharp teeth.
Your natural rate of healing is unusually fast.
When hurt, damage is shared between your health and your magic reserves.
Your bite disrupts and absorbs the magic of your enemies.
Potions cannot restore your health.
You are immune to rotting.


Message History

You have reached level 5!
The orc wizard points at you and mumbles some strange words.
The magic dart hits you!
* * * LOW HITPOINT WARNING * * *
The orc wizard hits you but does no damage.
You closely miss the orc wizard. You slash the ball python!
You kill the ball python!
The orc wizard hits you but does no damage.
The bullfrog skeleton misses you.
The orc wizard hits you but does no damage.
You miss the orc wizard. You hit the bullfrog skeleton.
The orc wizard casts a cantrip, but nothing happens.
The bullfrog skeleton hits you but does no damage.
The orc wizard hits you with a dagger.
* * * LOW HITPOINT WARNING * * *
You closely miss the orc wizard. You hit the bullfrog skeleton.
The bullfrog skeleton hits you.
* * * LOW HITPOINT WARNING * * *
The orc wizard barely misses you. The bullfrog skeleton hits you.
You die...

+..............'....
##............###....
..............# ####.
##...........# ##
#..............# ##
#.....####.###.# #.
##'#### #..# # #. #.#
##.# #. #######@# .#
## #....SZo# .# #
#.....†o.....# #
#......#####.#
#...... #......
#...... .......
####...


You could see an orc wizard, an adder, an orc and a bullfrog skeleton.

Vanquished Creatures
  An orc priest (D:3)
  A hound (D:3)
  2 adders
  2 worms
  3 dart slugs
  A leopard gecko (D:2)
  3 orcs (D:3)
  A giant cockroach (D:2)
  2 goblins (D:2)
  3 hobgoblins
  7 jackals (D:2)
  A quokka (D:2)
  A ball python (D:3)
  4 bats
  5 frilled lizards
  4 kobolds
  6 rats
47 creatures vanquished.

Notes
Turn   | Place    | Note
-------+----------+-------------------------------------------
     0 | D:1      | slep the Vine Stalker Gladiator began the quest for the Orb.
     0 | D:1      | Reached XP level 1. HP: 11/11 MP: 2/2
   141 | D:1      | Reached XP level 2. HP: 8/15 MP: 3/3
   534 | D:2      | Reached XP level 3. HP: 4/18 MP: 2/4
   581 | D:2      | Reached skill level 1 in Stealth
  1186 | D:3      | Gained mutation: Your natural rate of healing is unusually fast. [Vine Stalker growth]
  1186 | D:3      | Reached XP level 4. HP: 23/23 MP: 5/5
  1294 | D:3      | Reached skill level 1 in Armour
  1372 | D:3      | Reached XP level 5. HP: 7/26 MP: 3/6
  1375 | D:3      | HP: 1/26 [bullfrog skeleton (2)]
  1375 | D:3      | Slain by a bullfrog skeleton

Vault maps used:
D:1:      nzn_arrival_depleted_hourglass
D:3:      lemuel_round_altar, old_standard_altar,
          nicolae_overflow_hidden_temple, serial_curves, eino_curves_04,
          eino_curves_02, st_stairs_4, nrook_loot_triangle

Skill      XL: |  1  2  3  4 |
---------------+-------------+-----
Throwing       | 2 |  2.0
Axes           | 3 |  3.9
Stealth        | 1 |  1.4
Fighting       | 2 |  2.2
Armour         | 1 |  1.3
Dodging        | 3 |  3.0

Action                   |  1- 3 |  4- 6 || total
-------------------------+-------+-------++-------
Melee: War axe           |   105 |    25 ||   130
       Bite              |    25 |    11 ||    36
 Stab: Sleeping          |     3 |       ||     3
  Eat: Chunk             |     1 |     1 ||     2
Armor: Leather armour    |    21 |       ||    21
       Ring mail         |    14 |    11 ||    25
Dodge: Dodged            |    94 |    21 ||   115

Table legend:
 A = Spawn XP
 B = Non-spawn XP
 C = Spawn XP percentage of total XP
 D = Spawn monster count
 E = Non-spawn monster count
 F = Spawn count percentage of total count
 G = Total turns spent on level
                    A         B        C        D         E        F      G
               +---------+---------+-------+---------+---------+-------+---------
         Total |       0 |     198 |   0.0 |       0 |      47 |   0.0 |  1375
               +---------+---------+-------+---------+---------+-------+---------
           D:1 |       0 |      17 |   0.0 |       0 |      11 |   0.0 |   422
           D:2 |       0 |      61 |   0.0 |       0 |      22 |   0.0 |   694
           D:3 |       0 |     120 |   0.0 |       0 |      14 |   0.0 |   259
               +---------+---------+-------+---------+---------+-------+---------
